Map: King's Cove LE

Players

Lambo - Winner!

  • Race: Zerg Zerg
  • League: Grandmaster
  • Spawn Location: 5:00

Kas

  • Race: Terran Terran
  • League: Grandmaster
  • Spawn Location: 11:00

VOD

Have the link to the VOD?

Description

Time

  • Played on: Feb. 2, 2019, 8:40 a.m.
  • Length: 28:55
Show
View Real Time Build Order
Export as new Build Order

Lambo Zerg - Winner!

Build Orders: Hatch First, Brood Lord Corruptor 

Get SALT Encoding   

  12  0:00  Drone  
  13  0:16  Overlord  
  13  0:19  Drone  
  14  0:34  Drone x2  
  16  0:50  Hatchery  
  16  0:54  Drone  
  16  0:58  Drone  
  16  1:01  Drone  
  18  1:12  Extractor  
  18  1:16  Spawning Pool  
  16  1:19  Drone  
  16  1:23  Drone  
  18  1:32  Drone  
  19  1:45  Drone  
  20  1:54  Overlord  
  20  2:03  Queen x2, Zergling x4  
  26  2:13  Metabolic Boost  
  26  2:14  Drone  
  27  2:16  Drone  
  28  2:27  Drone  
  28  2:29  Drone  
  30  2:44  Hatchery  
  30  2:48  Drone x2  
  31  2:52  Pneumatized Carapace  
  31  2:57  Drone  
  32  3:01  Overlord  
  32  3:04  Drone  
  33  3:09  Drone x2  
  33  3:11  Drone  
  36  3:18  Overlord  
  36  3:20  Drone x2  
  36  3:21  Drone  
  36  3:23  Drone  
  40  3:28  Spore Crawler  
  40  3:36  Drone  
  40  3:37  Queen  
  40  3:39  Queen  
  45  3:46  Drone x4  
  49  3:49  Overlord  
  49  3:56  Overlord  
  49  4:01  Zergling x6  
  52  4:05  Zergling x2  
  53  4:11  Drone x2  
  53  4:12  Queen  
  53  4:16  Drone  
  53  4:17  Drone  
  59  4:20  Drone x2  
  63  4:25  Lair  
  63  4:26  Queen  
  63  4:27  Overlord  
  63  4:30  Overlord  
  63  4:32  Drone  
  63  4:36  Drone x2  
  63  4:38  Spore Crawler  
  65  4:39  Spore Crawler  
  64  4:46  Spore Crawler  
  64  4:47  Drone x2  
  64  4:48  Drone  
  66  4:54  Drone x4  
  66  4:57  Extractor  
  66  4:58  Overlord  
  66  4:59  Extractor, Drone  
  70  5:00  Drone x2  
  70  5:01  Drone  
  70  5:06  Evolution Chamber, Drone  
  72  5:08  Evolution Chamber  
  72  5:09  Drone x2  
  72  5:11  Drone x2  
  75  5:19  Drone x2, Baneling Nest  
  77  5:21  Drone  
  77  5:23  Extractor  
  77  5:25  Drone  
  77  5:27  Overseer  
  77  5:28  Drone x2  
  77  5:29  Queen  
  77  5:30  Drone  
  77  5:32  Extractor x2  
  77  5:33  Zerg Melee Weapons Level 1  
  80  5:47  Drone x2  
  80  5:48  Drone x5  
  80  5:49  Drone  
  88  5:51  Hatchery  
  88  5:53  Drone  
  87  5:57  Zerg Missile Weapons Level 1  
  87  6:01  Drone x2, Infestation Pit  
  87  6:04  Hydralisk Den  
  87  6:12  Drone  
  87  6:13  Drone x7  
  87  6:14  Baneling x3  
  87  6:15  Baneling  
  87  6:18  Zergling x2  
  96  6:24  Baneling, Zergling x2  
  96  6:25  Zergling x2  
  98  6:28  Zergling x2, Spore Crawler  
  98  6:29  Overlord x2  
  98  6:32  Centrifical Hooks  
  98  6:33  Grooved Spines  
  98  6:34  Overlord  
  98  6:35  Overlord  
  98  6:40  Overlord  
  98  6:43  Overlord  
  98  6:51  Overseer  
  98  6:54  Hatchery  
  97  7:03  Extractor x2, Hydralisk x4  
  97  7:05  Drone x3  
  97  7:06  Drone x5  
  111  7:10  Drone x2  
  111  7:13  Drone x2  
  115  7:16  Hive  
  115  7:17  Drone x3  
  115  7:22  Spore Crawler  
  117  7:25  Drone x4  
  121  7:30  Zergling x12  
  121  7:34  Baneling x3, Hydralisk x2  
  121  7:36  Hydralisk  
  131  7:39  Overlord  
  131  7:43  Hydralisk x2  
  131  7:44  Muscular Augments, Zergling x2  
  138  7:47  Spore Crawler  
  138  7:48  Hydralisk x2  
  138  7:49  Zergling x2  
  142  7:52  Zerg Melee Weapons Level 2  
  142  7:59  Queen  
  142  8:00  Spore Crawler  
  143  8:06  Baneling x6  
  143  8:12  Drone  
  144  8:13  Drone x4  
  144  8:14  Zergling x24  
  144  8:16  Baneling x4  
  144  8:18  Hydralisk  
  144  8:19  Hydralisk  
  164  8:22  Hydralisk  
  164  8:23  Spore Crawler  
  164  8:24  Baneling x2  
  164  8:25  Overlord x2  
  165  8:29  Spire  
  164  8:40  Overlord  
  164  8:46  Drone x3  
  164  8:47  Overlord  
  167  8:49  Viper x2  
  167  8:50  Overlord  
  167  8:52  Baneling x3  
  173  8:59  Overseer, Zerg Missile Weapons Level 2  
  173  9:03  Extractor  
  173  9:05  Spine Crawler, Baneling x2, Extractor  
  173  9:08  Viper x2  
  176  9:11  Drone x6  
  176  9:13  Spine Crawler  
  176  9:14  Spine Crawler  
  176  9:15  Overlord  
  176  9:16  Overlord  
  180  9:21  Hydralisk  
  180  9:22  Zergling x16  
  180  9:23  Baneling x11  
  190  9:33  Queen  
  179  9:54  Hydralisk x11  
  199  10:06  Greater Spire  
  198  10:10  Spire  
  197  10:18  Queen  
  196  10:23  Hydralisk x3  
  188  10:45  Spine Crawler  
  188  10:46  Spine Crawler  
  188  10:48  Spine Crawler x2, Drone, Zerg Melee Weapons Level 3  
  188  10:49  Drone x2  
  187  10:50  Drone  
  187  10:51  Drone  
  189  11:02  Corruptor x6  
  198  11:06  Pathogen Glands  
  198  11:09  Spine Crawler, Overseer x3  
  196  11:18  Drone x4, Unknown  
  189  11:19  Drone x3  
  194  11:31  Hatchery  
  193  11:35  Zerg Flyer Weapons Level 1  
  193  11:36  Zerg Flyer Armor Level 1  
  193  11:38  Zerg Missile Weapons Level 3  
  193  11:44  Drone x3  
  193  11:45  Drone x4  
  200  11:56  Extractor  
  200  11:58  Extractor  
  200  11:59  Spine Crawler  
  197  12:07  Nydus Network  
  196  12:16  Spore Crawler  
  189  12:39  Unknown  
  189  12:41  Unknown  
  149  12:51  Corruptor x4  
  149  12:52  Corruptor  
  165  12:58  Brood Lord x6  
  165  13:01  Zergling x30  
  165  13:02  Overlord x4  
  180  13:10  Overlord  
  175  13:14  Overlord x2  
  175  13:16  Neural Parasite  
  175  13:24  Baneling x9  
  175  13:25  Zerg Ground Armor Level 1, Viper x2  
  175  13:26  Brood Lord  
  175  13:27  Brood Lord x4  
  191  13:28  Viper  
  194  13:43  Nydus Canal  
  194  13:46  Queen  
  196  13:57  Corruptor x2  
  197  14:07  Zerg Flyer Weapons Level 2  
  197  14:09  Zerg Flyer Armor Level 2  
  195  14:16  Corruptor  
  195  14:17  Corruptor x2  
  193  14:22  Burrow  
  194  14:30  Infestor x7  
  198  14:33  Brood Lord  
  198  14:36  Drone  
  198  14:58  Hatchery  
  198  14:59  Extractor  
  196  15:02  Brood Lord x2  
  194  15:30  Corruptor x3  
  194  15:31  Spore Crawler  
  194  15:32  Spore Crawler x2  
  194  15:35  Brood Lord  
  202  15:43  Overlord x2  
  202  15:46  Brood Lord  
  202  15:48  Corruptor x8  
  199  16:01  Overlord x2  
  199  16:04  Brood Lord x2, Corruptor  
  192  16:05  Corruptor x3  
  199  16:21  Unknown  
  173  16:28  Zergling x60  
  177  16:36  Zergling x16  
  173  16:44  Brood Lord x3  
  173  16:45  Brood Lord x2  
  167  16:56  Corruptor x8  
  167  16:59  Nydus Canal  
  181  17:04  Zerg Flyer Weapons Level 3  
  181  17:06  Hatchery  
  178  17:23  Extractor  
  178  17:24  Infestor x3  
  178  17:27  Drone x6  
  189  17:38  Drone x2  
  189  17:39  Drone x5  
  189  17:42  Viper  
  195  17:53  Viper  
  195  17:57  Drone x4  
  196  18:00  Drone x4  
  184  18:08  Viper, Hydralisk  
  184  18:11  Infestor  
  187  18:15  Drone  
  187  18:19  Drone  
  188  18:20  Drone  
  187  18:32  Brood Lord  
  180  18:38  Brood Lord x2  
  177  18:43  Infestor  
  177  18:45  Infestor  
  181  18:50  Infestor  
  181  18:53  Infestor  
  185  19:02  Infestor x2  
  175  19:03  Infestor  
  181  19:11  Brood Lord  
  181  19:13  Viper  
  186  19:25  Unknown x2  
  174  19:39  Zergling x2  
  174  19:40  Zergling x28  
  169  20:03  Infestor x7  
  182  20:17  Brood Lord  
  176  20:30  Brood Lord x2  
  176  20:32  Brood Lord  
  182  20:55  Hydralisk x7  
  182  20:56  Hatchery  
  194  21:03  Overlord  
  190  21:16  Brood Lord, Overlord  
  192  21:19  Hatchery  
  192  21:25  Viper  
  194  21:38  Corruptor  
  190  21:40  Extractor  
  189  21:54  Corruptor x2  
  187  22:03  Zergling x16  
  195  22:12  Hatchery  
  194  22:18  Corruptor x2  
  198  22:23  Drone x2  
  200  22:38  Hatchery  
  199  22:49  Hatchery  
  198  23:03  Brood Lord  
  200  23:08  Zerg Flyer Armor Level 3  
  200  23:36  Extractor  
  201  24:03  Spine Crawler  
  201  24:08  Extractor  
  199  24:30  Unknown  
  188  25:08  Unknown  
  180  25:28  Corruptor x10  
  165  25:32  Zergling x16  
  185  25:39  Zergling x10  
  188  25:44  Hatchery  
  182  26:00  Hatchery  
  182  26:01  Hatchery  
  180  26:11  Unknown  
  157  26:39  Drone x2  
  160  26:40  Drone x4  
  160  26:41  Drone x3  
  138  27:08  Drone x11  
  145  27:12  Spine Crawler  
  145  27:13  Spine Crawler  
  140  27:16  Extractor  
  127  27:25  Hatchery  
  125  27:41  Hydralisk x4  
  125  27:42  Zergling x16  
  133  27:59  Drone x3  
  134  28:09  Extractor  
  134  28:12  Extractor  
  130  28:23  Drone x4  
  134  28:28  Zergling x22  
Show
View Real Time Build Order
Export as new Build Order

Kas Terran 

Build Orders: Gas First Reaper Expand, Hellion Banshee, Mech 

Get SALT Encoding   

  12  0:01  SCV  
  13  0:13  SCV  
  14  0:18  Supply Depot  
  14  0:25  SCV  
  15  0:29  Refinery  
  15  0:40  SCV  
  16  0:45  Barracks  
  16  0:52  SCV  
  17  1:04  SCV  
  18  1:16  SCV  
  19  1:32  Reaper, Orbital Command  
  20  1:44  Command Center  
  20  1:54  Factory  
  20  1:58  SCV  
  21  2:07  Supply Depot, Barracks Reactor  
  21  2:14  SCV  
  22  2:18  Refinery  
  22  2:27  SCV  
  23  2:39  SCV  
  24  2:45  Starport  
  24  2:50  Hellion x2  
  24  2:51  SCV  
  29  2:56  Orbital Command  
  29  3:01  Barracks Tech Lab  
  29  3:04  SCV  
  30  3:13  Hellion  
  30  3:15  Hellion  
  30  3:16  SCV  
  35  3:27  Cloaking Field  
  35  3:30  Banshee  
  35  3:31  SCV  
  40  3:34  SCV  
  40  3:39  Supply Depot  
  40  3:47  SCV  
  44  3:48  Hellion x2  
  44  3:51  SCV  
  45  3:59  SCV  
  46  4:07  SCV  
  47  4:12  Command Center  
  47  4:14  SCV  
  48  4:17  Supply Depot  
  48  4:19  SCV  
  49  4:24  Banshee  
  49  4:26  SCV  
  49  4:27  Refinery  
  49  4:28  Refinery  
  53  4:35  SCV  
  53  4:36  Supply Depot  
  54  4:41  Hellion x2  
  54  4:42  SCV  
  59  4:47  SCV  
  60  4:54  SCV, Armory  
  60  4:56  Armory  
  60  4:59  SCV  
  62  5:06  SCV  
  63  5:07  Banshee  
  66  5:14  SCV  
  66  5:15  Supply Depot  
  66  5:18  SCV  
  66  5:21  Factory  
  68  5:24  Factory  
  68  5:26  SCV  
  68  5:27  Orbital Command  
  69  5:37  Hellion x2  
  69  5:38  SCV x2  
  75  5:45  Terran Vehicle And Ship Armor Level 1  
  75  5:47  Terran Vehicle Weapons Level 1  
  75  5:50  SCV x2  
  78  6:02  SCV, Orbital Command  
  78  6:03  SCV  
  78  6:04  Banshee, Hellion x2  
  86  6:08  Factory Tech Lab x2  
  86  6:14  SCV  
  86  6:15  Supply Depot  
  86  6:18  SCV  
  88  6:19  Refinery, Supply Depot  
  88  6:20  Refinery  
  88  6:26  SCV  
  88  6:29  SCV  
  88  6:30  SCV  
  88  6:32  Infernal Pre-Igniter  
  91  6:33  Mag-Field Accelerator  
  91  6:37  Cyclone x2  
  94  6:41  SCV  
  94  6:45  Supply Depot  
  96  6:47  SCV  
  96  6:53  Factory, Barracks Reactor  
  96  6:54  Hellion x2  
  100  6:56  Factory  
  100  6:57  Starport Reactor  
  100  7:04  SCV x2  
  100  7:05  SCV  
  100  7:07  Command Center  
  103  7:10  Supply Depot  
  106  7:17  Siege Tank x2  
  106  7:19  SCV  
  110  7:26  SCV x2  
  110  7:28  Supply Depot  
  116  7:30  Hellion x2  
  116  7:31  SCV  
  116  7:34  Liberator x2  
  114  7:46  Siege Tank  
  117  7:52  Hellion x2  
  117  7:54  Siege Tank  
  117  7:55  Siege Tank  
  133  8:11  Supply Depot  
  133  8:12  Supply Depot x2  
  133  8:13  Engineering Bay, Supply Depot  
  133  8:18  SCV x3  
  136  8:20  Supply Depot  
  136  8:23  Barracks Reactor, Terran Vehicle And Ship Armor Level 2  
  136  8:24  Factory  
  136  8:25  Factory  
  136  8:26  Factory  
  136  8:30  SCV  
  136  8:31  Terran Vehicle Weapons Level 2  
  137  8:35  SCV x2  
  137  8:39  Refinery  
  137  8:42  SCV, Siege Tank x2  
  137  8:48  SCV x2  
  146  8:49  Hellion x3  
  146  8:54  SCV  
  153  8:56  Planetary Fortress  
  153  9:00  SCV  
  154  9:10  SCV  
  156  9:17  SCV x2, Sensor Tower  
  156  9:20  Refinery  
  156  9:21  Siege Tank x2  
  156  9:22  Factory Tech Lab, Siege Tank  
  166  9:25  Factory Tech Lab  
  166  9:26  Hellion x2  
  166  9:27  Hellion x2  
  166  9:28  SCV  
  166  9:29  SCV  
  166  9:30  SCV  
  177  9:36  Command Center  
  168  9:57  Viking x2  
  162  10:01  Hellion x3  
  162  10:02  Hellion x2, Thor x2  
  162  10:05  Supply Depot x2  
  184  10:22  Thor  
  184  10:24  Command Center  
  179  10:30  Hellion x3  
  179  10:31  Hellion x2, Command Center  
  179  10:32  Viking  
  179  10:33  Viking  
  174  10:44  Thor  
  180  10:55  Hellion x2  
  180  10:56  Hellion, Thor  
  192  11:01  Starport x2  
  192  11:03  Hellion x2  
  182  11:04  Hellion  
  182  11:08  Terran Vehicle And Ship Armor Level 3  
  184  11:18  Thor x2  
  190  11:24  Viking x2  
  193  11:28  Orbital Command  
  193  11:36  Orbital Command  
  193  11:41  Sensor Tower  
  193  11:42  Planetary Fortress  
  193  11:44  Refinery  
  193  11:59  Starport Tech Lab, Starport Reactor  
  193  12:03  Command Center  
  193  12:06  Thor  
  193  12:08  Command Center  
  199  12:13  Thor x6  
  197  12:35  Command Center  
  152  12:51  Siege Tank x2, Thor x2  
  152  12:52  Thor  
  152  12:53  Hellion x2  
  152  12:54  Hellion x2  
  152  12:55  Viking x2  
  152  12:56  Viking  
  184  13:18  Orbital Command  
  184  13:20  Starport  
  184  13:23  Starport  
  184  13:24  Starport  
  184  13:26  Terran Ship Weapons Level 1  
  184  13:36  Thor x2  
  196  13:45  Terran Vehicle Weapons Level 3  
  196  13:46  Planetary Fortress  
  196  13:50  Refinery, Command Center  
  196  13:52  Command Center  
  186  14:22  Missile Turret  
  178  14:36  Viking x2  
  173  14:40  Thor x2  
  173  14:41  Thor x2  
  197  14:48  Refinery  
  197  14:50  Orbital Command  
  197  14:57  Command Center  
  197  14:59  Viking, Command Center x2  
  199  15:09  Orbital Command x2  
  199  15:12  Smart Servos  
  199  15:13  Drilling Claws  
  136  16:36  Thor x2  
  136  16:37  Thor x3  
  136  16:38  Hellion x6, Viking x3  
  128  16:51  Viking x3  
  128  16:59  Hellion x3  
  128  17:00  Hellion x2  
  129  17:11  Viking x2  
  133  17:19  Thor x3  
  133  17:20  Thor x2  
  133  17:22  Viking  
  165  17:26  Hellion  
  165  17:27  Hellion x2  
  171  17:55  Viking x3  
  175  18:02  Thor x4  
  175  18:04  Hellion x2  
  199  18:10  Viking  
  197  18:13  Orbital Command x2  
  197  18:18  Terran Ship Weapons Level 2  
  195  18:39  Thor  
  193  18:45  Thor  
  197  18:52  Planetary Fortress  
  195  19:12  Missile Turret x2  
  195  19:15  Missile Turret  
  195  19:17  Missile Turret x2  
  195  19:26  Command Center  
  195  19:27  Command Center  
  177  19:39  Thor  
  177  19:40  Thor x3  
  177  19:41  Hellion x2  
  173  19:56  Thor  
  173  19:57  Hellion  
  173  19:58  Hellion  
  179  20:00  Hellion x2  
  179  20:02  Hellion x2  
  183  20:15  Refinery  
  183  20:19  Hellion x2  
  183  20:21  Hellion  
  183  20:22  Thor x2  
  195  20:34  Refinery  
  195  20:39  Orbital Command, Planetary Fortress  
  195  20:47  Missile Turret  
  195  20:48  Missile Turret  
  195  21:00  Hellion x9  
  195  21:33  Fusion Core, Siege Tank  
  180  21:49  Siege Tank x4  
  192  22:12  Liberator x5  
  192  22:13  Liberator  
  195  22:31  Orbital Command  
  198  22:38  Advanced Ballistics  
  198  22:50  Missile Turret x2  
  198  22:51  Missile Turret, Sensor Tower  
  198  22:57  Refinery  
  198  22:58  Refinery  
  198  23:03  Command Center  
  198  23:12  Terran Ship Weapons Level 3  
  198  24:26  Command Center  
  198  24:52  Planetary Fortress  
  174  25:05  Thor x5  
  190  25:08  Hellion x2  
  139  25:29  Hellion  
  139  25:32  Viking x7  
  139  25:33  Viking  
  139  25:35  Hellion x3  
  139  25:36  Hellion x2  
  139  25:40  Factory  
  139  25:42  Factory  
  135  25:44  Factory  
  135  25:45  Factory  
  135  25:47  Thor x3  
  135  25:48  Thor x2  
  147  25:50  Hellion  
  147  25:56  Hellion x2  
  147  25:57  Hellion  
  155  26:02  Viking x5  
  163  26:17  Orbital Command  
  133  26:20  Viking x2, Hellion  
  133  26:22  Hellion x2  
  133  26:23  Widow Mine x3  
  122  26:25  Factory Tech Lab x2, Orbital Command  
  122  26:27  Hellion  
  122  26:30  Thor x4  
  122  26:32  Viking x4  
  136  26:47  Thor  
  136  26:48  Hellion  
  136  26:50  Viking  
  122  26:58  Factory Tech Lab x2  
  122  26:59  Thor  
  122  27:02  Viking x3  
  114  27:10  Hellion x2  
  114  27:14  Refinery  
  124  27:16  Refinery  
  124  27:20  Viking  
  112  27:23  Thor x2  
  112  27:27  Armory  
  124  27:30  Thor  
  124  27:32  Viking  
  116  27:38  Viking  
  116  27:39  Viking  
  116  27:42  Thor  
  112  27:46  Missile Turret  
  106  27:54  Orbital Command  
  106  27:57  Viking  
  96  28:06  Thor x2  
  96  28:10  Orbital Command  
  103  28:23  Starport  
  103  28:24  Starport  
Tags
 
Add a new tag
Caveats
  • Supply blocks, unpowered buildings, or Contaminate may cause inaccurate times.
  • Supply counts are checked every 10 seconds.